 Dungeon Crawl Stone Soup version 0.28.0-45-g0d030f2227 (webtiles) character file.

Game seed: 5780151715149752413

7 psko the Conjurer (level 1, 0/9 HPs)
             Began as a Spriggan Conjurer on Apr 3, 2022.
             Was an Initiate of Gozag.
             Slain by a hobgoblin (1 damage)
             ... on level 1 of the Dungeon.
             The game lasted 00:02:48 (355 turns).

psko the Conjurer (Spriggan Conjurer)                Turns: 355, Time: 00:02:48

Health: 0/9        AC:  2    Str:  3    XL:     1   Next: 91%
Magic:  2/5        EV: 17    Int: 19    God:    Gozag
Gold:   14         SH:  0    Dex: 13    Spells: 4/5 levels left

rFire   . . .      SeeInvis +   (weapon restricted)
rCold   . . .      Faith    .   (no shield)
rNeg    . . .      Spirit   .   a - +0 robe
rPois   .          Reflect  .   (helmet restricted)
rElec   .          Harm     .   (no cloak)
rCorr   .          Rampage  .   (gloves unavailable)
Will    .....                   (boots unavailable)
Stlth   ++........              (no amulet)
HPRegen 0.03/turn               (no ring)
MPRegen 0.09/turn               (no ring)

@: invisible (expiring), very quick
A: very small, no large weapons, unfitting armour, see invisible, speed 3
a: Renounce Religion, Potion Petition, Call Merchant, Bribe Branch


You were on level 1 of the Dungeon.
You worshipped Gozag.
Gozag was noncommittal.
You visited 1 branch of the dungeon, and saw 1 of its levels.

You collected 14 gold pieces.

Inventory:

Missiles
 b - 16 arrows
Armour
 a - a +0 robe (worn)


   Skills:
 + Level 2.7 Dodging
 + Level 3.0 Stealth
 + Level 2.8 Spellcasting
 + Level 3.2 Conjurations


You had 4 spell levels left.
You knew the following spells:

 Your Spells              Type           Power      Damage    Failure   Level
a - Magic Dart            Conj           60%        1d6       4%          1

Your spell library contained the following spells:

 Spells                   Type           Power      Damage    Failure   Level
 Searing Ray              Conj           30%        2d5       6%          2
 Dazzling Flash           Conj/Hex       16%        N/A       24%         3
 Fulminant Prism          Conj/Hex       4%         3d6       61%         4
 Iskenderun's Mystic Bla  Conj/Tloc      8%         2d4       61%         4


Dungeon Overview and Level Annotations

Branches:
Dungeon (1/15)

Altars:
Gozag


Innate Abilities, Weirdness & Mutations

You are very small and have problems with some larger weapons.
You are too small for most types of armour.
You have supernaturally acute eyesight. (SInv)
You cover ground extremely quickly. (Speed+++)


Message History

The hobgoblin hits you.
* * * LOW HITPOINT WARNING * * *
The jackal closely misses you.
You closely miss the jackal.
The jackal is lightly wounded.
The jackal is distracted by your dazzling golden aura.
The hobgoblin completely misses you.
The jackal barks!
You closely miss the jackal.
The jackal is no longer distracted by gold.
The jackal is lightly wounded.
The jackal is no longer distracted by gold.
The hobgoblin hits you but does no damage.
The jackal misses you.
You hit the jackal but do no damage.
The jackal is lightly wounded.
The hobgoblin barely misses you.
The jackal barks!
The jackal misses you.
You barely miss the jackal.
The jackal is lightly wounded.
The hobgoblin barely misses you. The jackal closely misses you.
You closely miss the jackal.
The jackal is lightly wounded.
The hobgoblin hits you but does no damage.
The jackal barely misses you.
You closely miss the jackal.
The jackal is lightly wounded.
The jackal misses you. The hobgoblin closely misses you.
The jackal closely misses you.
You miss the jackal. The jackal barely misses you.
The jackal closely misses you. The hobgoblin closely misses you.
The jackal barely misses you.
You closely miss the jackal. The jackal closely misses you.
The jackal barely misses you. The hobgoblin closely misses you.
You completely miss the jackal.
You flicker for a moment.
The jackal closely misses you. x2; The hobgoblin hits you.
You die...
Your body crumbles into a pile of gold.

#...##. #.#####
#.# #...... #.#
###.... #.#
#.### #.# #h#
#.# #.# #.# #g#
#h# #.#
#@############h#
#hghg..........#
################


You could see 3 jackals, a hobgoblin and a goblin.

Vanquished Creatures
  An endoplasm (D:1)
  A giant cockroach (D:1)
  2 jackals (D:1)
  A kobold (D:1)
  A ball python (D:1)
6 creatures vanquished.

Notes
Turn   | Place    | Note
-------+----------+-------------------------------------------
     0 | D:1      | psko the Spriggan Conjurer began the quest for the Orb.
     0 | D:1      | Reached XP level 1. HP: 9/9 MP: 5/5
   271 | D:1      | Found a faded altar of an unknown god.
   279 | D:1      | Prayed at the altar of an unknown god.
   279 | D:1      | Became a worshipper of Gozag Ym Sagoz the Greedy
   355 | D:1      | Slain by a hobgoblin

Illustrated notes

Levels and vault maps discovered:
D:1:      eino_arrival_water_star, layout_loops_ring,
          ebering_ecumenical_altar_mist, supply_closet_lemuel

Skill      XL: |  1 |
---------------+----+-----
Conjurations   | 3 |  3.2
Dodging        | |  2.7
Stealth        | |  3.0
Spellcasting   | |  2.8

Action                   || total
-------------------------++-------
Melee: Unarmed           ||    22
 Cast: Magic Dart        ||    22
  Use: Potion            ||     1
Armor: Robe              ||     4
Dodge: Dodged            ||    44
